Unix NetHack Version 5.0.0-0 post-release - last build May 23 2026 06:08:33 (1c0ff79ee797540d5714e4e18072db0edd9e58ae,branch:main).

Game began 2026-05-24 00:41:53, ended 2026-05-27 16:36:12.

Arakanox, lawful female dwarven Cavewoman

                                             ------
                                             |..|.------                 ---
                                             |.........-----      -------.!|
                                          ----.......-.....--------.--.....|
                                          |.........|.----?...............--
                                          |........-|..  ---.........---..|
                                         --........|--.|   --....?..(| ----
                                         |.......---  --    |........---
                                         --.|...--         --%.........|
                                          ----.--          |%.....%....--
                                      ---    ---           --.%.....--..|
                                      |..                   |-......||-.--
                                     --..-    ---          --....----|...|
                                    --....-----.           |`....|   -...|
                                 -- |.......  ..--         |-...-|  |....|
                            ........*.......---..|     -----.....|  --.---
                                      -..........--- ---..|......|   --
                                      |............---)...).....--
                                      --.......--..^D......?.----
                                       ----.|.----.|@--.---.--
                                          -----  -------- ---
Arakanox the Wayfarer    St:18/30 Dx:16 Co:17 In:7 Wi:10 Ch:10  Lawful
Home 5 $:275 HP:0(107) Pw:14(14) AC:-11 Xp:14 T:30759 

Latest messages:
 The invisible Chromatic Dragon misses!
 The invisible Chromatic Dragon misses!
 What do you want to use or apply? [adehjl-oq-yINOSUWYZ or ?*] d
 In what direction? 2
 Status of the Elvenqueen (chaotic, medium):  Level 12  HP 25(42)  AC 5.
 You hit the Elvenqueen!
 The Elvenqueen swings her runed broadsword.
 The Elvenqueen hits!
 The Elvenqueen swings her runed broadsword.
 The Elvenqueen hits again!
 The yellow dragon picks up a scroll of fire.
 The invisible Chromatic Dragon vanishes and reappears next to you.
 The invisible Chromatic Dragon points at you, then curses.
 The invisible Chromatic Dragon hits!
 The invisible Chromatic Dragon misses!
 The invisible Chromatic Dragon bites!
 The invisible Chromatic Dragon stings!
 What do you want to use or apply? [adehjl-oq-yINOSUWYZ or ?*] d
 In what direction? 2
 Status of the Elvenqueen (chaotic, medium):  Level 12  HP 10(42)  AC 5.
 You kill the Elvenqueen!
 The invisible Chromatic Dragon vanishes and reappears next to you.
 The invisible Chromatic Dragon points at you, then curses.
 The invisible Chromatic Dragon hits!
 The invisible Chromatic Dragon bites!
 The invisible Chromatic Dragon bites again!
 The invisible Chromatic Dragon stings!
 What do you want to drink? [QT or ?*] ?
 Never mind.
 You climb up the stairs.
 Pick a monster, object or location.
 What do you want to throw? [$z or ?*] z
 In what direction? 9
 The elven spear hits the chickatrice!
 The chickatrice strikes at thin air!
 What do you want to throw? [$z or ?*] z
 In what direction? 9
 You kill the chickatrice!
 The invisible Chromatic Dragon appears next to you!
 The air crackles around the invisible Chromatic Dragon.
 The invisible Chromatic Dragon misses!
 The invisible Chromatic Dragon bites!
 The invisible Chromatic Dragon misses!
 The invisible Chromatic Dragon stings!
 You die...
 Do you want your possessions identified? [ynq] (y) y
 Do you want to see your attributes? [ynq] (y) y
 Do you want an account of creatures vanquished? [ynaq] (y) y
 Do you want to see your conduct and achievements? [ynq] (y) y
 Do you want to see the dungeon overview? [ynq] (y) y

Inventory:
 Coins    ('$')
  $ - 275 gold pieces
 Amulets  ('"')
  k - an uncursed amulet of reflection (being worn)
  H - an uncursed amulet of restful sleep
 Weapons  (')')
  V - a blessed +6 elven spear (weapon in right hand)
 Armor    ('[')
  E - an uncursed thoroughly rusty +4 helm of telepathy (being worn)
  F - an uncursed thoroughly burnt +0 pair of leather gloves (being worn)
  D - an uncursed +1 pair of speed boots (being worn)
  C - an uncursed thoroughly burnt +0 cloak of displacement (being worn)
  A - an uncursed burnt +5 Hawaiian shirt with a sea turtle motif (being worn)
  B - an uncursed +1 gold dragon scale mail (being worn, brilliantly lit)
 Comestibles  ('%')
  G - an uncursed carrot
  o - 8 uncursed lumps of royal jelly
  M - an uncursed pancake
  b - an uncursed lizard corpse
 Scrolls  ('?')
  i - an uncursed scroll of confuse monster
  J - a blessed scroll of create monster
  p - an uncursed scroll of gold detection
 Potions  ('!')
  T - a blessed potion of levitation
  Q - an uncursed potion of restore ability
 Rings    ('=')
  L - an uncursed ring of levitation
  R - an uncursed ring of regeneration (on right hand)
  c - an uncursed ring of slow digestion
  P - an uncursed ring of warning
 Wands    ('/')
  w - a wand of create monster (0:14)
  S - a wand of create monster (0:14)
  t - a wand of death (0:5)
  a - a wand of digging (0:3)
  O - a wand of digging (0:1)
  W - a wand of digging (0:0)
  l - a wand of light (0:0)
  y - a wand of lightning (0:5)
  Y - a wand of lightning (0:5)
  I - a wand of magic missile (0:6)
  u - a wand of opening (0:5)
  e - a wand of sleep (0:5)
  N - a wand of speed monster (0:1)
  m - a cursed wand of speed monster (0:3)
  Z - a wand of stasis (0:3)
  U - a wand of teleportation (0:6)
  v - a wand of undead turning (0:4)
 Tools    ('(')
  j - an empty uncursed oilskin sack
  r - an uncursed blindfold
  h - a can of grease (0:8)
  x - a blessed magic lamp (lit)
  q - an uncursed magic whistle
  s - an uncursed skeleton key
  d - an uncursed stethoscope
  n - a blessed +0 unicorn horn
 Gems/Stones  ('*')
  g - 2 uncursed garnet stones
  f - a blessed luckstone

Arakanox the Cavewoman's attributes:

Background:
 You were a Wayfarer, a level 14 dwarven Cavewoman.
 You were lawful, on a mission for Anu
 who was opposed by Ishtar (neutral) and Anshar (chaotic).
 You were right-handed.
 You were in the Quest, on level 5.
 You entered the dungeon 30759 turns ago.
 You had 147981 experience points, 12019 more were needed to attain level 15.

Basics:
 You had 0 out of 107 hit points.
 You had all 14 energy points (spell power).
 Your armor class was -11.
 Your wallet contained 275 zorkmids.
 Autopickup was off.

Final Characteristics:
 Your strength was 18/30 (peak:18/33, limit:18/100).
 Your dexterity was 16 (peak:18, limit:20).
 Your constitution was 17 (limit:20).
 Your intelligence was 7 (limit:16).
 Your wisdom was 10 (limit:16).
 Your charisma was 10 (limit:16).

Final Status:
 You weren't hungry.
 You were unencumbered.
 You were wielding a spear.
 You had expert skill with spear.

Final Attributes:
 You were piously aligned.
 You were fire resistant.
 You were cold resistant.
 You were disintegration resistant.
 You were poison resistant.
 You resisted hallucinations.
 You saw invisible.
 You were telepathic.
 You had infravision.
 You were invisible to others.
 You were displaced.
 You regenerated.
 You were warded.
 You were very fast.
 You had reflection.
 You were very lucky.
 You had extra luck.
 Good luck did not time out for you.
 You are dead.

Miscellaneous:
 You didn't encounter any bones levels.
 Total elapsed playing time was 7 hours, 9 minutes and 42 seconds.

Major events:
 Turn
    1: Arakanox the lawful dwarven Cavewoman entered the dungeon
  754: attained the rank of Aborigine (level 3)
 1917: attained the rank of Wanderer (level 6)
 3419: entered Sokoban
 3591: completed 1st Sokoban level
 3825: completed 2nd Sokoban level
 4153: completed 3rd Sokoban level
 5286: completed 4th Sokoban level
 5751: acquired the Sokoban amulet of reflection
 6655: entered the Gnomish Mines
 7095: reached Mine Town
 9215: acquired the Mines' End luckstone
10411: entered the Bigroom
11964: attained the rank of Vagrant (level 10)
14430: made her first wish - "blessed greased bag of holding", got "a greased bag"
15345: stole 4966 zorkmids worth of merchandise from Walbrzych's liquor emporium
22583: killed Medusa
23278: entered Gehennom
23878: wished for "cursed greased magic marker", got "a greased magic marker"
27416: entered Home 1, the Quest
28167: attained the rank of Wayfarer (level 14)
28275: Shaman Karnov has granted access to proceed deeper into the quest
28503: entered Home 2, the Quest
28675: entered Home 3, the Quest
30444: entered Home 5, the Quest
30631: entered Home 6, the Quest
30678: found the Sceptre of Might on the floor
30759: killed by the invisible Chromatic Dragon

Spells:
 Name                 Level Category     Fail Retention
 wizard lock            2   matter       100%    (gone)
 create monster         2   clerical     100%    (gone)
 identify               3   divination   100%    (gone)
 extra healing          3   healing      100%   26%-50%
 restore ability        4   healing      100%   26%-50%
 magic missile          2   attack       100%   26%-50%

Skills:
 Fighting Skills
   bare handed combat [Basic]
 Weapon Skills
   dagger             [Unskilled]
   knife              [Unskilled]
   axe                [Unskilled]
   pick-axe           [Unskilled]
   club               [Basic]
   mace               [Unskilled]
   morning star       [Unskilled]
   flail              [Unskilled]
   hammer             [Unskilled]
   quarterstaff       [Unskilled]
   polearms           [Unskilled]
   spear              [Expert]
   trident            [Unskilled]
   bow                [Unskilled]
   sling              [Basic]
   boomerang          [Unskilled]
   unicorn horn       [Unskilled]
 Spellcasting Skills
   attack spells      [Unskilled]
   matter spells      [Unskilled]

Voluntary challenges:
 Character rerolling was not enabled.
 You never genocided any monsters.
 You never polymorphed an object.
 You never changed form.
 You used 2 wishes.
 You did not wish for any artifacts.
 You violated the special Sokoban rules once.
Achievements:
 You entered a shop.
 You attained the rank of Aborigine.
 You attained the rank of Wanderer.
 You entered Sokoban.
 You completed Sokoban.
 You entered the Gnomish Mines.
 You entered Minetown.
 You entered a temple.
 You completed the Gnomish Mines.
 You entered the Big Room.
 You attained the rank of Vagrant.
 You defeated Medusa.
 You entered Gehennom.
 You attained the rank of Wayfarer.

 The Dungeons of Doom: levels 1 to 25
    Level 1:
       A fountain.
    Level 2:
       A potion shop, some fountains.
    Level 3:
       An armor shop, a fountain.
    Level 4:
       An altar.
       Stairs down to The Gnomish Mines.
    Level 5:
       An armor shop.
    Level 6:
       A fountain.
    Level 7:
       Many fountains.
       Oracle of Delphi.
    Level 8:
       A fountain.
       Stairs up to Sokoban, level 7.
    Level 9:
       A general store, a fountain.
    Level 10:
       Many fountains.
       A very big room.
    Level 11:
       Some fountains.
    Level 12:
       A sink.
    Level 13:
    Level 14:
       Summoned by Shaman Karnov.
       Portal to The Quest.
    Level 15:
       An altar to Anu.
    Level 16:
       Some fountains, a grave.
    Level 17:
       A primitive area.
    Level 18:
    Level 19:
       Some fountains.
    Level 20:
       A grave.
    Level 21:
    Level 22:
    Level 23:
       A fountain, many trees.
    Level 24:
    Level 25:
       A fountain.
       The castle.
       Connection to Gehennom.
 Gehennom: levels 26 to 28
    Level 26:
       A temple and an altar, many graves.
       Valley of the Dead.
    Level 27:
    Level 28:
 The Gnomish Mines: levels 5 to 12
    Level 5:
    Level 6:
    Level 7:
    Level 8:
       Some shops, a temple and an altar, some fountains.
    Level 9:
    Level 10:
    Level 11:
    Level 12:
 The Quest: levels 1 to 6
    Level 1:
       A temple and an altar to Anu.
       Given quest by Shaman Karnov.
    Level 2:
    Level 3:
    Level 5: <- You were here.
       Final resting place for
          you, killed by the invisible Chromatic Dragon.
    Level 6:
 Sokoban: levels 7 up to 4
    Level 4:
       Solved.
    Level 5:
       Solved.
    Level 6:
       Solved.
    Level 7:
       Solved.


Vanquished creatures:
    Medusa
 an iron golem
  2 gold dragons
  a white dragon
  a black dragon
  4 minotaurs
  a baluchitherium
  a stone golem
  2 Nazgul
  a sandestin
  2 displacer beasts
  2 titanotheres
  2 trappers
  a baby red dragon
  5 vampire leaders
  a skeleton
  a captain
  4 liches
  3 clay golems
  2 nurses
  4 ice devils
  a nalfeshnee
  4 lurkers above
  8 frost giants
 an ettin
  a black pudding
  7 vampires
  3 lieutenants
 23 ghosts
  2 queen bees
  2 winged gargoyles
  a mind flayer
  5 giant mimics
  2 zruties
 an ogre tyrant
  4 ice trolls
  6 rock trolls
 an umber hulk
  2 flesh golems
  3 elven monarchs
  a doppelganger
  7 hezrous
  4 bone devils
  4 large mimics
  a wumpus
  a baby purple worm
  6 stalkers
  2 air elementals
  a fire elemental
  3 earth elementals
  4 water elementals
 18 hill giants
  5 giant mummies
  2 black nagas
  4 xorns
  7 giant zombies
  6 sergeants
  a barbed devil
  6 vrocks
  a salamander
  7 wargs
  a winter wolf
  3 hell hound pups
 11 small mimics
  2 glass piercers
  5 warhorses
  7 xans
  5 ogre leaders
  2 quantum mechanics
  5 trolls
  2 wood golems
  3 mariliths
  3 sharks
  3 gelatinous cubes
  4 pyrolisks
  2 large dogs
  2 freezing spheres
  6 flaming spheres
  2 shocking spheres
  3 large cats
  3 tigers
  4 gargoyles
  2 dwarf rulers
  4 ochre jellies
  4 leocrottas
  2 energy vortices
  3 mountain centaurs
  a stone giant
  2 elf mummies
  3 human mummies
  3 red nagas
  4 pythons
  2 pit vipers
  2 cobras
 31 wraiths
  2 carnivorous apes
 11 ettin zombies
  6 Grey-elves
 46 soldiers
 an amorous demon
  4 chameleons
  2 crocodiles
  6 giant beetles
  3 quivering blobs
  7 cockatrices
  8 wolves
  6 winter wolf cubs
  3 lynxes
  2 panthers
  8 gremlins
 10 leprechauns
  4 orc-captains
  5 iron piercers
  a mumak
 12 giant spiders
  6 scorpions
  4 horses
  2 ice vortices
  7 black lights
  7 vampire bats
  3 forest centaurs
  5 orc mummies
  5 dwarf mummies
  3 ogres
  8 rust monsters
  3 owlbears
  3 yetis
  2 gold golems
  2 Green-elves
  4 giant eels
 12 lizards
  5 chickatrices
  2 dingoes
  4 dogs
  2 housecats
  2 jaguars
  a dwarf leader
  a blue jelly
  2 gray unicorns
  a black unicorn
  9 dust vortices
 33 ravens
  2 plains centaurs
  6 gnome mummies
  7 snakes
  5 apes
 12 human zombies
  3 Woodland-elves
  3 soldier ants
 67 bugbears
  4 quasits
 11 wood nymphs
 11 water nymphs
  7 mountain nymphs
  9 Mordor orcs
  2 Uruk-hai
  4 orc shamans
  5 rock piercers
  5 rock moles
  3 ponies
  6 fog clouds
  5 yellow lights
  3 shriekers
  2 violet fungi
 10 gnome leaders
  a gnomish wizard
  2 Kop Lieutenants
  3 kobold mummies
  3 gray oozes
  2 barrow wights
 10 elf zombies
  9 ghouls
  a straw golem
  2 paper golems
  a baby crocodile
  7 giant ants
  a little dog
  7 floating eyes
  2 kittens
  6 dwarves
  4 homunculi
  a kobold leader
  a kobold shaman
  7 hill orcs
 13 rothes
  5 rabid rats
  2 centipedes
  6 giant bats
  4 Kop Sergeants
  a monkey
 14 orc zombies
 10 dwarf zombies
  a wererat
  4 werejackals
  7 iguanas
 34 killer bees
  2 acid blobs
  6 coyotes
  9 hobbits
  2 large kobolds
  6 hobgoblins
  5 giant rats
  3 cave spiders
  4 yellow molds
  3 green molds
  3 red molds
 24 gnomes
 11 Keystone Kops
  a garter snake
  9 gnome zombies
  8 geckos
  9 jackals
  2 foxes
  a kobold
  3 goblins
  9 sewer rats
  7 grid bugs
  7 lichens
 12 kobold zombies
 10 newts
1155 creatures vanquished.

No species were genocided or became extinct.

Game over:
                       ----------
                      /          \
                     /    REST    \
                    /      IN      \
                   /     PEACE      \
                  /                  \
                  |     Arakanox     |
                  |      275 Au      |
                  |  killed by the   |
                  |    invisible     |
                  | Chromatic Dragon |
                  |                  |
                  |       2026       |
                 *|     *  *  *      | *
        _________)/\\_//(\/(/\)/\//\/|_)_______

Goodbye Arakanox the Cavewoman...

You died in The Quest on dungeon level 5 with 401974 points,
and 275 pieces of gold, after 30759 moves.
You were level 14 with a maximum of 107 hit points when you died.

